 Dungeon Crawl Stone Soup version 0.30.1 (webtiles) character file.

Game seed: 8941885685269917806

8089 safid the Frost Mage (level 11, -9/92 HPs)
             Began as a Merfolk Ice Elementalist on July 10, 2023.
             Was a Follower of Sif Muna.
             Mangled by an orc warlord
             ... wielding a +4 battleaxe
              (23 damage)
             ... in a bailey.
             The game lasted 00:25:06 (9601 turns).

safid the Frost Mage (Merfolk Ice Elementalist)     Turns: 9601, Time: 00:25:06

Health: -9/92      AC: 13    Str:  9    XL:     11   Next: 25%
Magic:  29/33      EV: 12    Int: 18    God:    Sif Muna [*.....]
Gold:   1593       SH:  0    Dex: 15    Spells: 21/28 levels left

rFire   . . .        I - +2 short sword (venom)
rCold   . . .        (no shield)
rNeg    . . .        a - +0 robe
rPois   .            l - +0 helmet
rElec   .            (no cloak)
rCorr   .            (no gloves)
SInv    +            w - +0 pair of boots
Will    .....        n - amulet of magic regeneration
Stlth   ++           v - ring of see invisible
HPRegen 0.35/turn    t - ring of magical power
MPRegen 0.63/turn

%: no passive effects
@: ice-armoured, freezing walls
A: (nimble swimmer 2), mertail
a: Renounce Religion, Channel Magic


You were in a bailey.
You worshipped Sif Muna.
Sif Muna was aware of your devotion.
You visited 1 branch of the dungeon, and saw 8 of its levels.
You also visited: Ossuary and Bailey.

You collected 1593 gold pieces.

Inventory:

Hand Weapons
 I - a +2 short sword of venom (weapon)
Missiles
 G - a throwing net
Armour
 a - a +0 robe (worn)
 l - a +0 helmet (worn)
 w - a +0 pair of boots (worn)
Jewellery
 n - an amulet of magic regeneration (around neck)
 s - a ring of fire
 t - a ring of magical power (right hand)
 v - a ring of see invisible (left hand)
Wands
 o - a wand of roots (9)
 E - a wand of charming (14)
 H - a wand of flame (5)
Scrolls
 g - 8 scrolls of teleportation
 h - 3 scrolls of butterflies
 i - a scroll of vulnerability {unknown}
 j - a scroll of identify
 k - 2 scrolls of blinking {unknown}
 m - a scroll of brand weapon {unknown}
 q - 4 scrolls of enchant weapon
 x - a scroll of magic mapping {unknown}
 y - 3 scrolls of amnesia
 C - 2 scrolls of enchant armour
 J - 2 scrolls of fear {unknown}
 M - a scroll of torment {unknown}
Potions
 b - a potion of magic
 c - a potion of curing
 d - 2 potions of mutation {unknown}
 e - 4 potions of lignification
 f - 2 potions of attraction {unknown}
 p - 3 potions of degeneration
 r - a potion of might
 u - 2 potions of haste {unknown}
 z - 3 potions of resistance {unknown}
 A - a potion of berserk rage {unknown}
 B - a potion of brilliance {unknown}
 L - 2 potions of heal wounds {unknown}
 N - a potion of cancellation {unknown}
Miscellaneous
 K - a condenser vane


   Skills:
 + Level 10.8 Fighting
 - Level 2.6 Dodging
 - Level 2.1 Stealth
 + Level 9.4 Spellcasting
 + Level 11.6 Ice Magic


You had 21 spell levels left.
You knew the following spells:

 Your Spells              Type           Power      Damage    Failure   Level
a - Freeze                Ice            100%       1d10      1%          1
b - Frozen Ramparts       Ice            100%       1d16      1%          3
c - Ozocubu's Armour      Ice            50%        N/A       1%          3

Your spell library contained the following spells:

 Spells                   Type           Power      Damage    Failure   Level
 Summon Ice Beast         Ice/Summ       29%        N/A       8%          4
 Inner Flame              Hex/Fire       8%         N/A       26%         3
 Yara's Violent Unravell  Hex/Tmut       4%         3d4       93%         5
 Enfeeble                 Hex            4%         N/A       100%        7


Dungeon Overview and Level Annotations

Branches:
Dungeon (9/15)                Orc (0/2) D:9         Ossuary (visited)
 Bailey (1/1)
 Temple: D:4-7         Lair: D:8-11

Altars:
Elyvilon
Sif Muna
The Shining One

Shops:
D:2 (   D:7 *


Innate Abilities, Weirdness & Mutations

((You are very nimble when in or above water. (Stealth+, EV+, Speed+++)))
Your lower body shifts to a powerful aquatic tail in water.


Message History

The wall freezes the orc warlord but does no damage.
The orc warlord hits you with a +4 battleaxe!
Casting: Freeze (safe; 1% risk of failure)
Confirm with . or Enter, or press ? or * to list all spells.
Aiming: Freeze (safe; 1% risk of failure)
Press: ? - help, Shift-Dir - straight line, f/p - orc warlord
Aim: an orc warlord, wielding a +4 battleaxe and wearing a +0 plate armour (lightly wounded)
You freeze the orc warlord.
The orc warlord is moderately wounded.
The wall freezes the orc warlord but does no damage.
The orc warlord misses you.
You hit the orc warlord but do no damage.
The orc warlord is poisoned.
The orc warlord is lightly wounded.
The wall freezes the orc warlord.
The orc warlord hits you with a +4 battleaxe!
You barely miss the orc warlord.
The orc warlord is moderately wounded.
The wall freezes the orc warlord!
The orc warlord hits you with a +4 battleaxe.
You hit the orc warlord.
The orc warlord is moderately wounded.
The wall freezes the orc warlord.
The orc warlord hits you with a +4 battleaxe!
* * * LOW HITPOINT WARNING * * *
Casting: Freeze (safe; 1% risk of failure)
Confirm with . or Enter, or press ? or * to list all spells.
Aiming: Freeze (safe; 1% risk of failure)
Press: ? - help, Shift-Dir - straight line, f/p - orc warlord
Aim: an orc warlord, wielding a +4 battleaxe and wearing a +0 plate armour (moderately wounded, very poisoned)
You freeze the orc warlord!
The orc warlord is heavily wounded.
The wall freezes the orc warlord!
The orc warlord hits you with a +4 battleaxe!
* * * LOW HITPOINT WARNING * * *
You barely miss the orc warlord.
The orc warlord is heavily wounded.
The wall freezes the orc warlord!
The orc warlord hits you with a +4 battleaxe!!
You die...

..... #......... o...
#.......)) ###. ...
##......). ###.#' ..
##.###....)# ##.....###.
#... ###.### #?........##
..... ###..
.!........8##..... #...
..........8#)..... #...
∩....⌠....@o)..... #...
..........8#)..... #...
!.........8# ..... #...
#?........### .... ###..
##.....###.###... ###.###
###.#'#.....###.###.....#
###.........###.......)
#...........#.........
#...........#.........


You could see an orc warlord (very poisoned).

Vanquished Creatures
  Erica (D:9)
  A two-headed ogre (D:9)
  2 orc knights (Bailey)
  Joseph (D:8)
  Maggie (D:9)
  A hornet (D:7)
  A wyvern (D:9)
  A wraith (D:9)
  6 yaks (D:8)
  4 water moccasins
  An ice beast (D:5)
  12 orc warriors
  A black bear (D:7)
  2 centaurs (D:7)
  2 kobold brigands
  3 bullfrogs
  A gnoll sergeant (D:7)
  3 scorpions
  9 killer bees
  3 electric eels
  5 howler monkeys
  A jelly (D:7)
  A gnoll bouda (D:8)
  4 orc priests
  3 iguanas
  Natasha (thrice) (D:2)
  9 orc wizards
  8 mummies (Ossuary)
  15 gnolls
  3 adders
  A white imp (D:7)
  2 worms
  3 dart slugs
  26 orcs
  8 ball pythons
  7 endoplasms
  3 giant cockroaches
  3 gnoll zombies (Ossuary)
  17 hobgoblins
  7 jackals
  2 quokkas
  6 bats
  A frilled lizard (D:1)
  14 goblins
  A hobgoblin zombie (Ossuary)
  16 kobolds
  A kobold zombie (Ossuary)
  3 orc zombies (Ossuary)
  4 rats
233 creatures vanquished.

Vanquished Creatures (others)
  An orc (D:7)
1 creature vanquished.

Grand Total: 234 creatures vanquished

Notes
Turn   | Place    | Note
-------+----------+-------------------------------------------
     0 | D:1      | safid the Merfolk Ice Elementalist began the quest for the
                  | Orb.
     0 | D:1      | Reached XP level 1. HP: 13/13 MP: 3/3
   203 | D:1      | Reached XP level 2. HP: 18/20 MP: 5/5
   332 | D:1      | Reached skill level 1 in Fighting
   748 | D:1      | Reached XP level 3. HP: 26/26 MP: 6/6
   752 | D:1      | Learned a level 3 spell: Frozen Ramparts
  1216 | D:2      | Identified the +0 ring mail of Defence {rF++ Str+3 Dex-4}
  1566 | D:2      | Found Uryadie's Weapon Boutique.
  1599 | D:2      | Noticed Natasha
  1605 | D:2      | Killed Natasha
  1606 | D:2      | Reached skill level 5 in Ice Magic
  1606 | D:2      | Reached XP level 4. HP: 27/33 MP: 3/8
  1671 | D:2      | Noticed Natasha
  1682 | D:2      | Killed Natasha
  1719 | D:2      | Noticed Natasha
  1725 | D:2      | Killed Natasha
  1726 | D:2      | Reached XP level 5. HP: 36/39 MP: 6/9
  3002 | D:4      | Found a glowing golden altar of the Shining One.
  3115 | D:4      | HP: 2/41 [orc/+1 flail of protection (3)]
  3116 | D:4      | Reached XP level 6. HP: 3/47 MP: 11/11
  3120 | D:4      | HP: 3/70 [orc/+1 flail of protection (2)]
  3365 | D:5      | Entered Level 5 of the Dungeon
  3365 | D:5      | Noticed an ice beast
  3388 | D:5      | Found a sand-covered staircase.
  3403 | Ossuary  | Entered an ossuary
  3491 | Ossuary  | Learned a level 3 spell: Ozocubu's Armour
  3623 | Ossuary  | Reached skill level 6 in Ice Magic
  4007 | D:5      | Reached XP level 7. HP: 49/54 MP: 13/13
  4333 | D:5      | Reached skill level 5 in Fighting
  5094 | D:5      | You fall into a shaft and drop 3 floors!
  5109 | D:8      | Reached skill level 5 in Spellcasting
  5109 | D:8      | Reached skill level 7 in Ice Magic
  5109 | D:8      | Reached XP level 8. HP: 35/63 MP: 15/15
  5346 | D:8      | Found a white marble altar of Elyvilon.
  5404 | D:8      | Noticed Joseph
  5421 | D:8      | HP: 3/64 [Joseph/+0 quarterstaff (7)]
  5425 | D:8      | Killed Joseph
  5426 | D:8      | Reached skill level 8 in Ice Magic
  5691 | D:8      | Reached XP level 9. HP: 39/71 MP: 18/18
  6319 | D:7      | Found Dilaar's Assorted Antiques.
  6566 | D:7      | Reached skill level 9 in Ice Magic
  6599 | D:7      | Identified the +0 chain mail of Unambiguity {rC+}
  6685 | D:7      | Noticed a boulder beetle
  7031 | D:7      | Noticed a hornet
  7036 | D:7      | Paralysed by a hornet for 2 turns
  7040 | D:7      | Killed a hornet
  7108 | D:7      | Noticed a six-headed hydra
  7765 | D:8      | Reached XP level 10. HP: 77/82 MP: 21/21
  7768 | D:8      | Reached skill level 10 in Ice Magic
  8197 | D:9      | Found a shimmering blue altar of Sif Muna.
  8205 | D:9      | Became a worshipper of Sif Muna the Loreminder
  8209 | D:9      | Noticed a two-headed ogre
  8219 | D:9      | Killed a two-headed ogre
  8299 | D:9      | Noticed Erica
  8315 | D:9      | Killed Erica
  8673 | D:9      | Found a staircase to the Orcish Mines.
  8756 | D:9      | Noticed Maggie
  8761 | D:9      | Reached skill level 10 in Fighting
  8771 | D:9      | Killed Maggie
  8772 | D:9      | Reached skill level 11 in Ice Magic
  8775 | D:9      | Found a flagged portal.
  8784 | Bailey   | Entered a bailey
  9200 | Bailey   | Reached XP level 11. HP: 90/92 MP: 23/23
  9222 | Bailey   | Noticed an orc knight
  9252 | Bailey   | Reached * piety under Sif Muna
  9356 | Bailey   | Killed an orc knight
  9431 | Bailey   | Noticed an orc knight
  9466 | Bailey   | Killed an orc knight
  9550 | Bailey   | Acquired 818 gold pieces
  9578 | Bailey   | Noticed an orc warlord
  9601 | Bailey   | Mangled by an orc warlord

Illustrated notes

Levels and vault maps discovered:
D:1:      dpeg_cavernosity, layout_basic
D:2:      layout_rooms, serial_shops, nicolae_shop_getting_attention,
          uniq_natasha
D:3:      layout_basic, hangedman_abyss_or_decor_lesser_grid,
          kennysheep_nondescript, minmay_bisected
D:4:      layout_basic, tso_metal_star
D:5:      layout_cave_pods, nicolae_ossuary_entry_ruins
D:7:      nzn_winding_woodlands_cross
          [nzn_winding_woodlands_5x15_pathside_ponds,
          nzn_winding_woodlands_5x15_longhouse,
          nzn_winding_woodlands_5x15_jagged,
          nzn_winding_woodlands_5x15_sidewinder,
          nzn_winding_woodlands_15x15_eel_pit], layout_rooms, serial_shops,
          nicolae_square_shop, chequers_jeans
D:8:      layout_loops_ring, nicolae_elyvilon_temple_path, uniq_joseph
D:9:      layout_rooms, mainiacjoe_overflow_tiny_flanked, orc_0_dummy,
          enter_bailey_2, uniq_erica, uniq_maggie
Bailey:   bailey_axe_minmay_hex_keep, bailey

Skill      XL: |  1  2  3  4  5  6  7  8  9 10 11 |
---------------+----------------------------------+-----
Fighting       | 1 2 3 4 5 6 8 10 | 10.8
Ice Magic      | 5 6 7 8 9 11 | 11.6
Spellcasting   | 3 4 5 6 7 8 9 |  9.4
Dodging        | |  2.6
Stealth        | |  2.1

Action                     |  1- 3 |  4- 6 |  7- 9 | 10-12 || total
---------------------------+-------+-------+-------+-------++-------
  Melee: Whip              |    80 |    25 |       |       ||   105
         Falchion          |       |    23 |       |       ||    23
         Short sword       |       |   105 |   126 |   129 ||   360
         Punch             |       |     1 |     2 |     4 ||     7
   Cast: Freeze            |    35 |    37 |    33 |    31 ||   136
         Frozen Ramparts   |       |     6 |    38 |    19 ||    63
         Ozocubu's Armour  |       |     4 |    22 |    11 ||    37
    Use: Potion            |       |     3 |       |     1 ||     4
         Scroll            |       |       |     3 |     7 ||    10
   Stab: Sleeping          |     1 |     3 |       |     1 ||     5
 Armour: Robe              |    23 |    27 |    73 |    25 ||   148
         Skin              |       |     3 |       |     4 ||     7
  Dodge: Dodged            |    82 |    81 |   140 |    92 ||   395
